 Dungeon Crawl Stone Soup version 0.32-a0-30-gefbe487952 (webtiles) character file.

Game seed: 7236857427957671663

128 oldriver the Digger (level 4, 0/34 HPs)
             Began as a Demonspawn Earth Elementalist on Jan 20, 2024.
             Slain by Terence
             ... wielding a +0 mace
              (5 damage)
             ... on level 2 of the Dungeon.
             The game lasted 00:03:06 (2134 turns).

oldriver the Digger (Demonspawn Earth Elementalist) Turns: 2134, Time: 00:03:06

Health: 0/34       AC:  8    Str:  6 (8)  XL:     4   Next: 86%
Magic:  1/8        EV:  9    Int: 20 (23) God:
Gold:   67         SH:  0    Dex: 14 (16) Spells: 2/9 levels left

rFire   . . .        c - +0 club
rCold   + . .        (no shield)
rNeg    . . .        i - +1 ring mail "Geogg" {*Slow rC+ rCorr}
rPois   .            (helmet restricted)
rElec   .            (no cloak)
rCorr   +            (no gloves)
SInv    .            (no boots)
Will    .....        (no amulet)
Stlth   ++           j - +6 ring of intelligence
HPRegen 0.25/turn    (no ring)
MPRegen 0.11/turn

%: slow self (1%)
@: mighty, very slightly contaminated, invisible
A: antennae 1, yellow scales 1, powered by pain 1, thin skeletal structure 1,
screaming 1
a: no special abilities


You were on level 2 of the Dungeon.
You visited 1 branch of the dungeon, and saw 2 of its levels.

You collected 67 gold pieces.

Inventory:

Hand Weapons
 c - a +0 club (weapon)
Armour
 i - the +1 ring mail "Geogg" (worn) {*Slow rC+ rCorr}
   (You found it on level 2 of the Dungeon)

   rC+:       It protects you from cold.
   rCorr:     It protects you from acid and corrosion.
   *Slow:     It may slow you when you take damage.
Jewellery
 j - a +6 ring of intelligence (left hand)
Scrolls
 a - a scroll of teleportation {unknown}
 g - 2 scrolls of identify {unknown}
 k - a scroll of fog {unknown}
 l - a scroll of poison {unknown}
Potions
 b - a potion of magic
 d - a potion of curing {unknown}


   Skills:
 + Level 2.5 Fighting
 - Level 1.7 Dodging
 - Level 1.7 Stealth
 + Level 3.1 Spellcasting
 - Level 1.0 Conjurations
 + Level 3.6 Earth Magic


You had 2 spell levels left.
You knew the following spells:

 Your Spells              Type           Power      Damage    Failure   Level
a - Sandblast             Erth           34%        2d9       13%         1
b - Passwall              Erth           17%        N/A       36%         3
c - Stone Arrow           Conj/Erth      24%        3d8       54%         3

Your spell library contained the following spells:

 Spells                   Type           Power      Damage    Failure   Level
 Brom's Barrelling Bould  Conj/Erth      12%        2d4       91%         4
 Petrify                  Alch/Erth      10%        N/A       95%         4


Dungeon Overview and Level Annotations

Branches:
Dungeon (2/15)

Altars:

Annotations:
D:2 Robin, Terence


Innate Abilities, Weirdness & Mutations

You have a pair of small antennae on your head.
You are partially covered in yellow scales. (AC +2)
You sometimes gain a little power by taking damage.
You have a somewhat thin skeletal structure. (Dex +2, Stealth+)
You occasionally shout uncontrollably at your foes.


Message History

Nothing appears to happen.
Terence hits you with a +0 mace.
Casting: Sandblast (safe; 8% risk of failure)
Confirm with . or Enter, or press ? or * to list all spells.
Aiming: Sandblast (safe; 8% risk of failure)
Press: ? - help, Shift-Dir - straight line, f/p - Terence
Aim: Terence, wielding a +0 mace and wearing a +0 scale mail (severely wounded, 85% to hit)
You miscast Sandblast.
Nothing appears to happen.
Terence hits you but does no damage.
Unknown command.
Casting: Sandblast (safe; 8% risk of failure)
Confirm with . or Enter, or press ? or * to list all spells.
Aiming: Sandblast (safe; 8% risk of failure)
Press: ? - help, Shift-Dir - straight line, f/p - Terence
Aim: Terence, wielding a +0 mace and wearing a +0 scale mail (severely wounded, 85% to hit)
The blast of sand hits Terence but does no damage.
Terence is severely wounded.
Terence hits you with a +0 mace.
* * * LOW HITPOINT WARNING * * *
Casting: Sandblast (safe; 8% risk of failure)
Confirm with . or Enter, or press ? or * to list all spells.
Aiming: Sandblast (safe; 8% risk of failure)
Press: ? - help, Shift-Dir - straight line, f/p - Terence
Aim: Terence, wielding a +0 mace and wearing a +0 scale mail (severely wounded, 85% to hit)
You miscast Sandblast.
Nothing appears to happen.
Terence closely misses you.
Unknown command.
Okay, then.
It was a potion of mutation.
You feel extremely strange.
Your bones become slightly less dense.
You feel the urge to shout. Terence hits you with a +0 mace.
* * * LOW HITPOINT WARNING * * *
It was a potion of degeneration.
There was something very wrong with that liquid.
You feel weakened.
You feel dopey.
You feel clumsy. Terence hits you with a +0 mace.
* * * LOW HITPOINT WARNING * * *
It was a potion of invisibility.
You fade into invisibility!
Terence hits you with a +0 mace.
You die...
Terence says, "Time to find some more victims."

#########
#.@...... #@####
#....#
###.###### ####
#........# #...
#.#.####.# #
#... #...#.#.#
#.##... .#
#...#.#.# ......
#.# .###
#...#.#.# #.##
#... #.#....#
#...#.#.####....
#...


You could see Terence (unable to see you).

Vanquished Creatures
  Natasha (twice) (D:2)
  3 adders (D:2)
  3 dart slugs
  A ribbon worm (D:2)
  5 ball pythons
  7 endoplasms
  2 giant cockroaches (D:1)
  5 goblins
  5 hobgoblins
  A quokka (D:2)
  A bat (D:2)
  A frilled lizard (D:1)
  5 kobolds
  2 rats
43 creatures vanquished.

Notes
Turn   | Place    | Note
-------+----------+-------------------------------------------
     0 | D:1      | oldriver the Demonspawn Earth Elementalist began the quest
                  | for the Orb.
     0 | D:1      | Reached XP level 1. HP: 13/13 MP: 3/3
   443 | D:1      | Gained mutation: You have a pair of small antennae on your
                  | head. [demonic ancestry]
   443 | D:1      | Reached XP level 2. HP: 20/20 MP: 3/5
   516 | D:1      | Reached skill level 1 in Fighting
   635 | D:1      | Found a faded altar of an unknown god.
   983 | D:2      | Gained mutation: You sometimes gain a little power by
                  | taking damage. [demonic ancestry]
   983 | D:2      | Reached XP level 3. HP: 26/26 MP: 3/6
  1185 | D:2      | Noticed Natasha
  1454 | D:2      | Identified the +1 ring mail "Geogg" {*Slow rC+ rCorr}
  1509 | D:2      | Noticed Robin
  1777 | D:1      | Learned a level 3 spell: Passwall
  1781 | D:1      | Learned a level 3 spell: Stone Arrow
  1881 | D:2      | Killed Natasha
  1882 | D:2      | Gained mutation: You are partially covered in yellow
                  | scales. (AC +2) [demonic ancestry]
  1882 | D:2      | Reached XP level 4. HP: 29/33 MP: 2/8
  2071 | D:2      | Noticed Natasha
  2076 | D:2      | Killed Natasha
  2123 | D:2      | Noticed Terence
  2132 | D:2      | Gained mutation: You have a somewhat thin skeletal
                  | structure. (Dex +2, Stealth+) [potion of mutation]
  2132 | D:2      | Gained mutation: You occasionally shout uncontrollably at
                  | your foes. [potion of mutation]
  2134 | D:2      | Slain by Terence

Illustrated notes

Levels and vault maps discovered:
D:1:      amcnicky_arrival_gap_in_the_tavern_cellar, layout_loops_cross,
          serial_glass, glass_columns_a, glass_columns_a,
          shapermc_ecumenical_altar_ellora
D:2:      layout_basic, minmay_tetromino_l2, uniq_robin, uniq_natasha,
          uniq_terence

Skill      XL: |  1  2  3  4 |
---------------+-------------+-----
Fighting       | 1 2 |  2.5
Earth Magic    | 3 |  3.6
Spellcasting   | 3 |  3.1
Dodging        | |  1.7
Stealth        | |  1.7
Conjurations   | |  1.0

Action                     |  1- 3 |  4- 6 || total
---------------------------+-------+-------++-------
  Melee: Club              |     1 |       ||     1
   Cast: Sandblast         |    61 |    12 ||    73
    Use: Potion            |       |     3 ||     3
 Armour: Ring mail         |    18 |    11 ||    29
         Robe              |     5 |       ||     5
  Dodge: Dodged            |    20 |     6 ||    26

Table legend: (Time is in decaauts)
 A = Elapsed time spent in this place.
 B = Non-inter-level travel time spent in this place.
 C = Inter-level travel time spent in this place.
 D = Time resting spent in this place.
 E = Time spent auto-exploring this place.
 F = Levels seen in this place.
 G = Mean time per level.
                   A        B        C        D        E       F      G
               +--------+--------+--------+--------+--------+-----+--------+
         Total |   2189 |   2171 |     18 |    163 |   1620 |   2 | 1094.5 |
       Dungeon |   2189 |   2171 |     18 |    163 |   1620 |   2 | 1094.5 |
               +--------+--------+--------+--------+--------+-----+--------+

Top non-repeatable levels by time:
     D:2: 1117 daAuts
     D:1: 1071 daAuts
